 Dungeon Crawl Stone Soup version 0.23-a0-484-g29ba69c (webtiles) character file.

312 MisterFreud the Cleaver (level 6, -4/56 HPs)
             Began as a Hill Orc Berserker on Nov 30, 2018.
             Was a Believer of Trog.
             Slain by Crazy Yiuf
             ... wielding a +3 quarterstaff of chaos
              (8 damage)
             ... on level 4 of the Dungeon.
             The game lasted 00:05:48 (3739 turns).

MisterFreud the Cleaver (Hill Orc Berserker)        Turns: 3739, Time: 00:05:49

Health: -4/56      AC:  0    Str: 22    XL:     6   Next: 42%
Magic:  6/6        EV:  3    Int:  7    God:    Trog [**....]
Gold:   149        SH:  0    Dex: 10    Spells: 5/5 levels left

rFire    . . .     SeeInvis .   (weapon currently unavailable)
rCold    . . .     Gourm    .   (shield currently unavailable)
rNeg     + + +     Faith    .   (armour currently unavailable)
rPois    ∞         Spirit   .   (helmet currently unavailable)
rElec    .         Reflect  .   (cloak currently unavailable)
rCorr    .         Harm     .   (gloves currently unavailable)
MR       .....                  (boots currently unavailable)
Stlth    +.........             (no amulet)
HPRegen  0.18/turn              (ring currently unavailable)
MPRegen  0.10/turn              (ring currently unavailable)

@: lethally poisoned (-4 -> -4), pig-form, petrified, very quick
A: small
a: Berserk, Trog's Hand, Renounce Religion


You were on level 4 of the Dungeon.
You worshipped Trog.
Trog was pleased with you.
You were not hungry.
You were a filthy swine.
You visited 1 branch of the dungeon, and saw 4 of its levels.

You collected 149 gold pieces.

Inventory:

Hand Weapons
 a - a +0 hand axe (melded)
Missiles
 j - 105 stones (quivered)
 q - 20 bolts
 u - 20 arrows
 x - 5 tomahawks
Armour
 b - a +0 animal skin
 f - a +1 pair of boots (melded)
 g - a +0 chain mail (melded)
 s - a cursed -1 pair of gloves (melded)
Jewellery
 v - a ring of fire (melded)
Scrolls
 n - 2 scrolls of remove curse {unknown}
 o - a scroll of amnesia {unknown}
 p - a scroll of teleportation {unknown}
 r - a scroll of magic mapping {unknown}
 t - a scroll of enchant weapon {unknown}
Potions
 d - 3 potions of resistance
 e - a potion of agility
 h - a potion of ambrosia {unknown}
 i - 2 potions of degeneration
 k - 2 potions of heal wounds
 l - a potion of lignification {unknown}
 m - 3 potions of curing
Comestibles
 c - 9 rations
 w - a chunk of flesh


   Skills:
 + Level 5.2 Fighting
 - Level 8.2 Axes
 - Level 2.1 Armour
 - Level 1.5 Dodging


You had 5 spell levels left.
You didn't know any spells.
Your spell library was empty.

Dungeon Overview and Level Annotations

Branches:
Dungeon (4/15)
 Temple: D:4-7

Altars:
Sif Muna
The Shining One

Annotations:
D:4 Crazy Yiuf


Message History

Crazy Yiuf hits you with a +3 quarterstaff of chaos.
Crazy Yiuf hits you with a +3 quarterstaff of chaos.
Crazy Yiuf hits you with a +3 quarterstaff of chaos!
* * * LOW HITPOINT WARNING * * *
Crazy Yiuf burns you.
* * * LOW HITPOINT WARNING * * *
Crazy Yiuf hits you with a +3 quarterstaff of chaos.
* * * LOW HITPOINT WARNING * * *
Crazy Yiuf freezes you.
Crazy Yiuf hits you with a +3 quarterstaff of chaos!
* * * LOW HITPOINT WARNING * * *
Crazy Yiuf hits you with a +3 quarterstaff of chaos.
* * * LOW HITPOINT WARNING * * *
You turn into a filthy swine.
Your +0 hand axe melds into your body.
Your cursed -1 pair of gloves melds into your body.
Your +1 pair of boots melds into your body.
Your +0 chain mail melds into your body.
Your ring of fire melds into your body.
Crazy Yiuf hits you with a +3 quarterstaff of chaos!
You die...

#######.....#.....#.##.##.....
#...........#####.#...........
#.#####................##.....
#.# ###################.....
#.# #.# #..... #.# #.# #.....
#.###♣♣ ##### #.# #.....
#....P♣♣ ♣♣#..)# #.# ###...
#....P.♣♣♣♣.'hg.# #.#######...
##....P.♣..♣#...# #.#.........
##....♣.♣♣♣##### #.#.#####...
###♣♣♣♣♣ #...# #... #.### ####
### #.. #.. ##.. #...


You could see Crazy Yiuf.

Vanquished Creatures
  An orc priest (D:4)
  A bullfrog skeleton (D:4)
  An iguana (D:4)
  A worker ant (D:4)
  A hound skeleton (D:4)
  7 adders
  4 gnolls (D:3)
  A worm (D:4)
  3 dart slugs
  2 leopard geckos
  6 orcs
  2 ball pythons (D:3)
  4 giant cockroaches
  7 goblins
  7 hobgoblins
  4 jackals (D:2)
  5 kobolds
  A quokka (D:4)
  9 bats
  A frilled lizard (D:3)
  A quokka skeleton (D:4)
  10 rats
79 creatures vanquished.

Notes
Turn   | Place    | Note
-------+----------+-------------------------------------------
     0 | D:1      | MisterFreud the Hill Orc Berserker began the quest for the
                  | Orb.
     0 | D:1      | Reached XP level 1. HP: 19/19 MP: 1/1
   116 | D:1      | Reached XP level 2. HP: 15/26 MP: 2/2
   415 | D:1      | Reached skill level 5 in Axes
   702 | D:1      | Reached XP level 3. HP: 30/31 MP: 3/3
  1036 | D:2      | Reached skill level 6 in Axes
  1163 | D:2      | Reached XP level 4. HP: 22/39 MP: 4/4
  1473 | D:2      | Reached ** piety under Trog
  1795 | D:3      | Reached skill level 7 in Axes
  2539 | D:3      | Reached XP level 5. HP: 45/45 MP: 5/5
  2866 | D:4      | Reached skill level 8 in Axes
  3032 | D:4      | Reached XP level 6. HP: 49/52 MP: 6/6
  3146 | D:4      | Found a deep blue altar of Sif Muna.
  3147 | D:4      | Found a glowing golden altar of the Shining One.
  3215 | D:4      | Reached skill level 5 in Fighting
  3653 | D:4      | Found a runed door.
  3725 | D:4      | Noticed Crazy Yiuf
  3729 | D:4      | Paralysed by Crazy Yiuf for 7 turns
  3739 | D:4      | Slain by Crazy Yiuf

Vault maps used:
D:1:      moated_graveyard_arrival, minmay_tetromino_s2
D:3:      serial_co_window_serial, co_window_corner_a, co_window_corner_a,
          co_window_corner_a, co_window_paths_a, co_window_paths_a,
          co_window_paths_a, co_window_paths_a, co_window_corner_b,
          co_window_broadway_c, co_window_2corner, co_window_cross_4,
          co_window_corner_b, co_window_corner_b, glass_columns_a,
          glass_columns_c, st_stairs_8
D:4:      grunt_temple_overflow_open, first_ration, uniq_crazy_yiuf_cottage

Skill      XL: |  1  2  3  4  5  6 |
---------------+-------------------+-----
Axes           | 5 6 7 8 |  8.2
Fighting       | 4 5 |  5.2
Armour         | |  2.1
Dodging        | |  1.5

Action                   |  1- 3 |  4- 6 || total
-------------------------+-------+-------++-------
Melee: Hand axe          |    89 |   201 ||   290
Invok: Berserk           |     3 |     2 ||     5
  Use: Scroll            |     1 |     4 ||     5
 Stab: Sleeping          |     1 |       ||     1
       Distracted        |       |     1 ||     1
  Eat: Chunk             |     3 |    10 ||    13
Armor: Animal skin       |    35 |    21 ||    56
       Chain mail        |       |    31 ||    31
Dodge: Dodged            |    78 |    96 ||   174

Table legend:
 A = Non-vault XP
 B = Vault XP
 C = Vault XP percentage of total XP
 D = Non-vault monster count
 E = Vault monster count
 F = Vault count percentage of total count
                 A         B        C        D         E       F
            +---------+---------+-------+---------+---------+-------
      Total |     441 |       6 |   1.3 |      75 |       4 |   5.1
            +---------+---------+-------+---------+---------+-------
        D:1 |      32 |       3 |   8.6 |      18 |       2 |  10.0
        D:2 |      72 |       0 |   0.0 |      22 |       0 |   0.0
        D:3 |     128 |       3 |   2.3 |      21 |       2 |   8.7
        D:4 |     209 |       0 |   0.0 |      14 |       0 |   0.0
            +---------+---------+-------+---------+---------+-------
